 Seeded DCSS version 0.30.1-4-g462c640d31 (webtiles) character file.

Game seed: 15660985446129201502 (custom seed)

72 AccursedSamuel the Poker (level 4, -10/28 HPs)
             Began as a Tengu Monk on Sept 12, 2023.
             Mangled by Crazy Yiuf
             ... wielding a +3 quarterstaff of chaos
              (11 damage)
             ... on level 2 of the Dungeon.
             The game lasted 00:02:28 (1001 turns).

AccursedSamuel the Poker (Tengu Monk)               Turns: 1001, Time: 00:02:28

Health: -10/28     AC:  2    Str: 14    XL:     4   Next: 26%
Magic:  5/5        EV: 19    Int: 10    God:
Gold:   71         SH:  5    Dex: 16    Spells: 3/3 levels left

rFire   . . .        a - +0 spear
rCold   . . .        d - orb {light}
rNeg    . . .        b - +0 robe
rPois   .            (helmet restricted)
rElec   .            (no cloak)
rCorr   .            (no gloves)
SInv    .            (boots unavailable)
Will    .....        e - amulet of reflection
Stlth   +            (no ring)
HPRegen 0.24/turn    (no ring)
MPRegen 0.09/turn

%: reflection
@: agile, glowing
A: beak, talons 3
a: no special abilities


You were on level 2 of the Dungeon.
You visited 1 branch of the dungeon, and saw 2 of its levels.

You collected 71 gold pieces.

Inventory:

Hand Weapons
 a - a +0 spear (weapon)
Armour
 b - a +0 robe (worn)
 d - an orb of light (worn)
Jewellery
 e - an amulet of reflection (around neck)
 n - a +4 ring of protection
Scrolls
 f - a scroll of enchant armour {unknown}
 g - a scroll of noise {unknown}
 i - a scroll of immolation {unknown}
 k - a scroll of identify {unknown}
 o - a scroll of teleportation {unknown}
Potions
 c - a potion of ambrosia
 h - a potion of degeneration {unknown}
 j - a potion of attraction {unknown}
 l - a potion of heal wounds {unknown}
 m - 2 potions of magic {unknown}
 p - a potion of flight {unknown}


   Skills:
 + Level 3.5 Fighting
 + Level 4.2 Polearms
 + Level 4.1 Dodging
 + Level 0.2 Shields


You had 3 spell levels left.
You didn't know any spells.
Your spell library contained the following spells:

 Spells                   Type           Power      Damage    Failure   Level
 Cigotuvi's Dreadful Rot  Necr/Pois/Air  0%         N/A       50%         2
 Dispel Undead            Necr           0%         3d6       98%         4
 Death Channel            Necr           0%         N/A       100%        6


Dungeon Overview and Level Annotations

Branches:
Dungeon (2/15)

Altars:

Annotations:
D:2 Crazy Yiuf


Innate Abilities, Weirdness & Mutations

You have a beak for a mouth.
You have claws for feet.


Message History

The ball python hisses angrily.
You hear a shout!
A hobgoblin comes into view.
There are monsters nearby!
You hit the ball python.
You kill the ball python!
The hobgoblin misses you.
You see here a ball python corpse.
You hit the hobgoblin but do no damage. You claw the hobgoblin.
You kill the hobgoblin!
You see here a hobgoblin corpse.
You enter the shallow water.
Moving in this stuff is going to be slow.
You see here a rat skeleton.
You see here a +0 short sword.
Crazy Yiuf shouts!
You open the door.
Crazy Yiuf laughs, "Adder!"
You completely miss Crazy Yiuf. You peck Crazy Yiuf, but do no damage.
Crazy Yiuf barely misses you.
You hit Crazy Yiuf but do no damage. You peck Crazy Yiuf.
Crazy Yiuf is lightly wounded.
Crazy Yiuf misses you.
You hit Crazy Yiuf but do no damage.
Crazy Yiuf is lightly wounded.
Crazy Yiuf hits you with a +3 quarterstaff of chaos.
Crazy Yiuf burns you.
You hit Crazy Yiuf but do no damage. You claw Crazy Yiuf.
Crazy Yiuf is moderately wounded.
Crazy Yiuf hits you with a +3 quarterstaff of chaos!
Ouch! That really hurt!
* * * LOW HITPOINT WARNING * * *
You feel agile all of a sudden.
You hit Crazy Yiuf. Your kick misses Crazy Yiuf. You peck Crazy Yiuf.
Crazy Yiuf is heavily wounded.
Crazy Yiuf hits you with a +3 quarterstaff of chaos!
* * * LOW HITPOINT WARNING * * *
You hit Crazy Yiuf but do no damage.
Crazy Yiuf is moderately wounded.
Crazy Yiuf hits you with a +3 quarterstaff of chaos!
You die...

#####.###.##..........####
..........##.............##
..................######..#
........)########## ##.#
##..#.##[# #.# ...>..##.#
#.## ########.# ### ####..#
# ### #)..### ##.....# #
#...g@####......# #
#...##..#......## ###
###.#....## ########


You could see Crazy Yiuf.

Vanquished Creatures
  Jessica (D:2)
  An adder (D:2)
  A dart slug (D:2)
  4 endoplasms (D:2)
  2 giant cockroaches (D:2)
  4 goblins
  2 hobgoblins
  3 kobolds
  4 quokkas
  2 ball pythons
  A bat (D:1)
  4 frilled lizards (D:2)
  5 rats
  A spectral kobold (D:2)
35 creatures vanquished.

Notes
Turn   | Place    | Note
-------+----------+-------------------------------------------
     0 | D:1      | AccursedSamuel the Tengu Monk began the quest for the Orb.
     0 | D:1      | Reached XP level 1. HP: 14/14 MP: 2/2
    75 | D:1      | Reached XP level 2. HP: 8/19 MP: 3/3
   143 | D:1      | Identified a scroll of acquirement
   143 | D:1      | Acquired an amulet of reflection
   382 | D:2      | Reached XP level 3. HP: 6/23 MP: 4/4
   474 | D:2      | Found a faded altar of an unknown god.
   567 | D:2      | Found a runed translucent door.
   568 | D:2      | Noticed Crazy Yiuf
   724 | D:2      | Noticed Jessica
   730 | D:2      | Killed Jessica
   731 | D:2      | Reached XP level 4. HP: 28/28 MP: 5/5
  1000 | D:2      | HP: 1/28 [Crazy Yiuf/+3 quarterstaff of chaos (7)]
  1001 | D:2      | Mangled by Crazy Yiuf

Illustrated notes

Levels and vault maps discovered:
D:1:      minmay_arrival_pointy, layout_loops_ring, minmay_gold_behind_fungi
D:2:      layout_basic, dreamdust_ecumenical_altar_drowned_temple,
          hangedman_decor_clover_reticule, fountainhead,
          uniq_crazy_yiuf_cottage, uniq_jessica

Skill      XL: |  1  2  3 |
---------------+----------+-----
Polearms       | 4 |  4.2
Dodging        | 4 |  4.1
Fighting       | |  3.5
Shields        | |  0.2

Action                     |  1- 3 |  4- 6 || total
---------------------------+-------+-------++-------
  Melee: Spear             |    60 |    17 ||    77
         Kick              |    18 |     6 ||    24
         Peck              |    10 |     4 ||    14
    Use: Scroll            |     1 |       ||     1
 Armour: Robe              |    12 |     5 ||    17
  Dodge: Dodged            |    45 |     7 ||    52
  Block: Orb               |    12 |     1 ||    13
         Reflection        |     1 |     1 ||     2
